 Dungeon Crawl Stone Soup version 0.16.1-18-g436b03c (webtiles) character file.

564 masdan the Poker (level 7, -1/87 HPs)
             Began as a Merfolk Berserker on Apr 29, 2015.
             Was a Priest of Trog.
             Killed from afar by an orc wizard (6 damage)
             ... with a magic dart
             ... on level 4 of the Dungeon.
             The game lasted 00:18:56 (4097 turns).

masdan the Poker (Merfolk Berserker)                Turns: 4097, Time: 00:18:56

Health: -1/87      AC:  7    Str: 23    XL:     7   Next: 32%
Magic:  7/7        EV: 16    Int:  7    God:    Trog [***...]
Gold:   138        SH:  0    Dex: 14    Spells: 0 memorised, 6 levels left

rFire  . . .     SeeInvis .     f - +0 halberd
rCold  . . .     Clarity  .     n - +1 scale mail
rNeg   . . .     SustAb   .     (no shield)
rPois  .         Gourm    .     (no helmet)
rElec  .         Spirit   .     (no cloak)
rCorr  .         Warding  .     (no gloves)
rMut   .         Stasis   .     (boots currently unavailable)
MR     .....                    (no amulet)
Stlth  ..........               (no ring)
                                (no ring)

@: berserking (expiring), drained, very quick, not resistant to hostile
enchantments, extremely unstealthy
A: change form in water, swift swim
a: Burn Spellbooks, Berserk, Trog's Hand, Renounce Religion


You were on level 4 of the Dungeon.
You worshipped Trog.
Trog was most pleased with you.
You were very full.

You visited 1 branch of the dungeon, and saw 4 of its levels.

You collected 138 gold pieces.

Inventory:

Hand weapons
 a - a +0 spear
 f - a +0 halberd (weapon)
 l - a +0 flail
 m - a +0 whip
 p - a cursed +2 scimitar
 q - a +0 club
 r - a +0 club
 s - a +0 quarterstaff
 t - a +0 spear
Armour
 b - a +0 animal skin
 e - a +0 leather armour
 j - a +0 ring mail
 n - a +1 scale mail (worn)
 v - a +0 ring mail
 w - a +0 robe
Magical staves
 u - an uncursed staff of death {unknown}
Scrolls
 g - 2 scrolls of recharging
 i - a scroll of remove curse
Potions
 d - a potion of haste
 h - a potion of berserk rage {unknown}
 k - a potion of agility
Comestibles
 c - 2 bread rations
 o - a chunk of flesh


   Skills:
 * Level 6.1(6.0) Fighting
 + Level 7.8(7.6) Polearms
 - Level 1.3(1.2) Armour
 + Level 5.5(5.4) Dodging
 - Level 0.5(0.4) Stealth


You had 6 spell levels left.
You didn't know any spells.

Dungeon Overview and Level Annotations

Branches:
Dungeon (4/15)
 Temple: D:4-7

Altars:
Elyvilon
Gozag
Ru
Trog
Vehumet

Annotations:
D:4 Eustachio


Message History

The bat barely misses you. The ufetubus barely misses you.
The ufetubus hits you but does no damage.
Eustachio hits you but does no damage. The orc wizard barely misses you.
You slash Eustachio!
Eustachio is almost dead.
The ufetubus barely misses you. The ufetubus closely misses you.
The orc wizard hits you but does no damage.
The shadow imp splashes around in the water.
The bat barely misses you.
Eustachio casts a spell.
The ufetubus barely misses you. The ufetubus misses you.
You miss Eustachio.
Your tail-slap misses Eustachio.
Eustachio is almost dead.
The bat closely misses you. The orc wizard barely misses you.
The bat barely misses you. The shadow imp barely misses you.
The ufetubus hits you but does no damage.
The ufetubus barely misses you. The orc wizard casts a spell at you.
The magic dart hits you!
You die...

##.# ##..#
##.#.#####
##.#.#.)..#
#.#...#.#.#
.o......#...55#..
#......#.≈≈≈r#..#
##.....#≈..o@#
... ##.#..#≈._b@#
.### ###..#≈..55#
# ####.#.≈≈≈.#
....#.)...#
#..#...#.#
#.<.#.#..# #
####..#.#.#.# #.
#...........#
#..##.##..##..###


You could see Eustachio, an iron imp, an orc wizard, a white imp, a shadow imp,
an ufetubus, a quokka and a bat.

Vanquished Creatures
  Grinder (D:4)
  2 wights (D:4)
  An orc priest (D:4)
  2 orc wizards (D:4)
  2 worker ants
  3 adders
  4 gnolls (D:3)
  3 worms
  3 giant geckos
  An ooze (D:2)
  7 orcs
  7 hobgoblins
  3 jackals (D:2)
  9 kobolds
  A quokka (D:2)
  5 bats
  3 giant cockroaches
  3 giant newts
  10 goblins
  8 rats
78 creatures vanquished.

Notes
Turn   | Place    | Note
--------------------------------------------------------------
     0 | D:1      | masdan, the Merfolk Berserker, began the quest for the Orb.
     0 | D:1      | Reached XP level 1. HP: 18/18 MP: 1/1
    74 | D:1      | Reached XP level 2. HP: 8/24 MP: 2/2
  1010 | D:1      | Reached skill level 5 in Polearms
  1010 | D:1      | Reached XP level 3. HP: 24/30 MP: 3/3
  1423 | D:2      | Acquired Trog's second power
  1774 | D:2      | Reached XP level 4. HP: 29/37 MP: 4/4
  1926 | D:2      | Found a bloodstained altar of Trog.
  1927 | D:2      | Found a white marble altar of Elyvilon.
  1927 | D:2      | Found a radiant altar of Vehumet.
  1929 | D:2      | Found an opulent altar of Gozag.
  2494 | D:3      | Reached skill level 6 in Polearms
  2504 | D:3      | Reached XP level 5. HP: 3/43 MP: 5/5
  3648 | D:4      | Reached skill level 5 in Fighting
  3648 | D:4      | Reached XP level 6. HP: 51/51 MP: 6/6
  3728 | D:4      | Noticed Grinder
  3740 | D:4      | Paralysed by Grinder for 7 turns
  3772 | D:4      | Killed Grinder
  3772 | D:4      | Reached skill level 7 in Polearms
  3772 | D:4      | Reached skill level 5 in Dodging
  3772 | D:4      | Reached XP level 7. HP: 13/57 MP: 7/7
  4002 | D:4      | Noticed Eustachio
  4005 | D:4      | Found a sacrificial altar of Ru.
  4094 | D:4      | HP: 4/87 [shadow imp/nerve-wracking pain[Eustachio] (4)]
  4097 | D:4      | Killed from afar by an orc wizard

Action                   |  1- 3 |  4- 6 |  7- 9 || total
-------------------------+-------+-------+-------++-------
Melee: Spear             |   147 |    74 |       ||   221
       Halberd           |       |    91 |    33 ||   124
Invok: Berserk           |       |     3 |     1 ||     4
  Use: Scroll            |       |     8 |     1 ||     9
       Potion            |       |     1 |       ||     1
  Eat: Chunk             |     3 |     3 |       ||     6
       Beef jerky        |       |     1 |       ||     1
       Bread ration      |       |     1 |     2 ||     3
